Match 28360826
Unlisted

Match 28360826
End
Panzergrenadier Squad
Selects Armored Support Battlegroup
250 Light Carrier
Panzergrenadier Squad
Panzergrenadier Squad
Construct Light Support Kompanie
Panzerjäger Mechanized Group
Combat Half-tracks
Selects Veteran Gunners
Fire Support Elements
Flakvierling Half-track
2.5-tonne Medical Truck
Pak 38 Anti-tank Gun Team
le.IG 18 Mechanized Group
Construct Panzerarmee Kommand
FloofieDog
GreyFox_13
Turtleboy
SHREK
Arez
_Ragnar_Lothbrok__
0
0

Comments sign in to comment!

No comments posted yet!